 Dungeon Crawl Stone Soup version 0.31.0-9-g3a7656b989 (webtiles) character file.

Game seed: 16933780855599163191

42 ssalbiz the Magician (level 3, -1/19 HPs)
             Began as a Deep Elf Hedge Wizard on Jan 25, 2024.
             Slain by an orc
             ... wielding a +0 flail
              (4 damage)
             ... on level 2 of the Dungeon.
             The game lasted 00:03:40 (1937 turns).

ssalbiz the Magician (Deep Elf Hedge Wizard)        Turns: 1937, Time: 00:03:41

Health: -1/19      AC:  2    Str:  7    XL:     3   Next: 35%
Magic:  5/20       EV: 12    Int: 20    God:
Gold:   63         SH:  0    Dex: 14    Spells: 6/12 levels left

rFire   . . .        e - +1 rapier (protect)
rCold   . . .        (no shield)
rNeg    . . .        b - +0 robe
rPois   .            c - +0 hat
rElec   .            (no cloak)
rCorr   .            (no gloves)
SInv    .            (no boots)
Will    .....        (no amulet)
Stlth   ++           h - ring of magical power
HPRegen 0.23/turn    (no ring)
MPRegen 0.17/turn

%: no passive effects
@: very slightly contaminated
A: no striking features
a: no special abilities


You were on level 2 of the Dungeon.
You visited 1 branch of the dungeon, and saw 2 of its levels.

You collected 63 gold pieces.

Inventory:

Hand Weapons
 e - a +1 rapier of protection (weapon)
Armour
 b - a +0 robe (worn)
 c - a +0 hat (worn)
Magical Staves
 a - a staff of alchemy
 k - a staff of fire
Jewellery
 h - a ring of magical power (left hand)
Scrolls
 f - a scroll of identify {unknown}
 i - a scroll of teleportation {unknown}
 j - 2 scrolls of vulnerability {unknown}
Potions
 d - a potion of magic
 g - a potion of invisibility {unknown}
 l - a potion of curing {unknown}


   Skills:
 - Level 2.4 Dodging
 - Level 2.4 Stealth
 + Level 5.4 Spellcasting
 + Level 2.6 Conjurations
 - Level 1.1 Summonings
 - Level 1.1 Translocations


You had 6 spell levels left.
You knew the following spells:

 Your Spells              Type           Power      Damage    Failure   Level
a - Magic Dart            Conj           64%        1d6       3%          1
b - Blink                 Tloc           18%        N/A       11%         2
c - Mephitic Cloud        Conj/Alch/Air  8%         N/A       24%         3

Your spell library contained the following spells:

 Spells                   Type           Power      Damage    Failure   Level
 Summon Small Mammal      Summ           36%        N/A       7%          1
 Slow                     Hex            20%        N/A       11%         1
 Call Imp                 Summ           18%        N/A       11%         2
 Cigotuvi's Dreadful Rot  Necr/Alch/Air  10%        N/A       17%         2
 Call Canine Familiar     Summ           9%         N/A       22%         3
 Ozocubu's Armour         Ice            5%         N/A       32%         3
 Summon Blazeheart Golem  Fire/Summ      7%         N/A       65%         4
 Metabolic Englaciation   Hex/Ice        2%         N/A       97%         5
 Sculpt Simulacrum        Ice/Alch       2%         N/A       100%        6


Dungeon Overview and Level Annotations

Branches:
Dungeon (2/15)

Altars:

Shops:
D:2 [


Message History

Aiming: Magic Dart (safe; 3% risk of failure)
Press: ? - help, Shift-Dir - straight line, f/p - orc
Aim: an orc, wielding a +0 flail, wearing a +0 chain mail and quivering boomerangs (almost dead, 100% to hit)
You miscast Magic Dart.
Nothing appears to happen.
The orc hits you with a +0 flail.
* * * LOW HITPOINT WARNING * * *
Casting: Magic Dart (safe; 3% risk of failure)
Confirm with . or Enter, or press ? or * to list all spells.
Aiming: Magic Dart (safe; 3% risk of failure)
Press: ? - help, Shift-Dir - straight line, f/p - orc
Aim: an orc, wielding a +0 flail, wearing a +0 chain mail and quivering boomerangs (almost dead, 100% to hit)
The magic dart hits the orc but does no damage.
The orc is almost dead.
The orc barely misses you.
Unknown command.
Casting: Magic Dart (safe; 3% risk of failure)
Confirm with . or Enter, or press ? or * to list all spells.
Aiming: Magic Dart (safe; 3% risk of failure)
Press: ? - help, Shift-Dir - straight line, f/p - orc
Aim: an orc, wielding a +0 flail, wearing a +0 chain mail and quivering boomerangs (almost dead, 100% to hit)
The magic dart hits the orc but does no damage.
The orc is almost dead.
The orc misses you.
Casting: Magic Dart (safe; 3% risk of failure)
Confirm with . or Enter, or press ? or * to list all spells.
Aiming: Magic Dart (safe; 3% risk of failure)
Press: ? - help, Shift-Dir - straight line, f/p - orc
Aim: an orc, wielding a +0 flail, wearing a +0 chain mail and quivering boomerangs (almost dead, 100% to hit)
The magic dart hits the orc but does no damage.
The orc is almost dead.
The orc closely misses you.
Casting: Magic Dart (safe; 3% risk of failure)
Confirm with . or Enter, or press ? or * to list all spells.
Aiming: Magic Dart (safe; 3% risk of failure)
Press: ? - help, Shift-Dir - straight line, f/p - orc
Aim: an orc, wielding a +0 flail, wearing a +0 chain mail and quivering boomerangs (almost dead, 100% to hit)
The magic dart hits the orc but does no damage.
The orc is almost dead.
The orc hits you with a +0 flail.
You die...

##..........# .##.
........##### #
...####.# # ##'##
##...## ###+###
##.....## ##.....##
#.......###.......##
#.........#.........#
+.............@o....#
#.............#≈#$..#
##......⌠.....≈_≈. .+
##...........#≈#...
##...#............#
##+##..#.........#
##.##.....?.##
..###.....##


You could see an orc.

Vanquished Creatures
  A ribbon worm (D:2)
  2 dart slugs
  An orc (D:2)
  4 bats
  A giant cockroach (D:2)
  A goblin (D:2)
  5 hobgoblins
  5 jackals
  A quokka (D:1)
  4 ball pythons
  3 frilled lizards (D:1)
  A kobold (D:1)
  3 rats
32 creatures vanquished.

Notes
Turn   | Place    | Note
-------+----------+-------------------------------------------
     0 | D:1      | ssalbiz the Deep Elf Hedge Wizard began the quest for the
                  | Orb.
     0 | D:1      | Reached XP level 1. HP: 10/10 MP: 7/7
   398 | D:1      | Reached XP level 2. HP: 15/15 MP: 6/9
   814 | D:1      | Reached skill level 5 in Spellcasting
  1378 | D:2      | Found Vaovuch's Armour Boutique.
  1436 | D:2      | Reached XP level 3. HP: 19/19 MP: 8/11
  1519 | D:2      | Learned a level 2 spell: Blink
  1523 | D:2      | Learned a level 3 spell: Mephitic Cloud
  1937 | D:2      | Slain by an orc

Illustrated notes

Levels and vault maps discovered:
D:1:      dpeg_arrival_round_c, layout_basic
D:2:      layout_loops_corners, serial_shops, shop,
          hellmonk_ecumenical_altar_defaced_shrine

Skill      XL: |  1  2 |
---------------+-------+-----
Conjurations   | 2 |  2.6
Spellcasting   | 5 |  5.4
Dodging        | |  2.4
Stealth        | |  2.4
Summonings     | |  1.1
Translocations | |  1.1

Action                     || total
---------------------------++-------
  Melee: Rapier            ||     2
   Cast: Magic Dart        ||   104
   Stab: Sleeping          ||     1
 Armour: Robe              ||    17
  Dodge: Dodged            ||    27
